 Dungeon Crawl Stone Soup version 0.31-a0-1610-g9787180647 (webtiles) character file.

Game seed: 3011536129391752577

216102 tilp the Unseen (level 18, 0/142 HPs)
             Began as a Vampire Enchanter on Jan 7, 2024.
             Was the Champion of Wu Jian.
             Slain by a swamp dragon (2 damage)
             ... on level 1 of the Swamp on Jan 8, 2024.
             The game lasted 02:03:41 (48059 turns).

tilp the Unseen (Vampire Enchanter)                Turns: 48059, Time: 02:03:42

Health: 0/142      AC: 13    Str: 10    XL:     18   Next: 35%
Magic:  31/31      EV: 22    Int: 30    God:    Wu Jian [******]
Gold:   1302       SH:  0    Dex: 22    Spells: 1/36 levels left

rFire   . . .        a - +5 dagger (freeze)
rCold   . . .        F - +0 buckler
rNeg    . . .        Q - +1 steam dragon scales of Kale {rCorr Dex+4}
rPois   .            P - +2 helmet
rElec   +            s - +2 cloak
rCorr   +            E - +2 pair of gloves
SInv    +            t - +2 pair of boots
Will    ++...        R - amulet of reflection
Stlth   ++           p - ring of willpower
HPRegen 0.63/turn    j - ring "Elaegg" {rElec Str+3 Int+6 Dex+2}
MPRegen 0.22/turn

%: reflection
@: confused, about to teleport, ambrosia-drunk, corroded, healing quickly,
studying Evocations, invisible, very slow
A: alive, fangs 3, see invisible, vampiric 2
}: 1/15 runes: gossamer
a: Exsanguinate, Renounce Religion, Wall Jump, Serpent's Lash, Heavenly Storm


You were on level 1 of the Swamp.
You worshipped Wu Jian.
Wu Jian was exalted by your worship.
You visited 7 branches of the dungeon, and saw 30 of its levels.
You also visited: Ossuary and Gauntlet.

You collected 4003 gold pieces.
You spent 2701 gold pieces at shops.

Inventory:

Hand Weapons
 a - a +5 dagger of freezing (weapon)
 b - a +0 double sword of freezing
Missiles
 e - 4 silver javelins
 i - 22 boomerangs
 k - 11 javelins
 l - 9 curare-tipped darts
 q - 4 throwing nets
 v - 47 poisoned darts (quivered)
Armour
 s - a +2 cloak (worn)
 t - a +2 pair of boots (worn)
 E - a +2 pair of gloves (worn)
 F - a +0 buckler (worn)
 P - a +2 helmet (worn)
 Q - the +1 steam dragon scales of Kale (worn) {rCorr Dex+4}
   (You acquired it on level 10 of the Dungeon)

   Dex+4:     It affects your dexterity (+4).
   rCorr:     It protects you from acid and corrosion.
Jewellery
 j - the ring "Elaegg" (right hand) {rElec Str+3 Int+6 Dex+2}
   (You found it in a Gauntlet)

   [ring of intelligence]

   Str+3:     It affects your strength (+3).
   Int+6:     It affects your intelligence (+6).
   Dex+2:     It affects your dexterity (+2).
   rElec:     It insulates you from electricity.
 p - a ring of willpower (left hand)
 N - a ring of protection from fire
 R - an amulet of reflection (around neck)
 U - a ring of protection from cold
Wands
 d - a wand of polymorph (42)
 m - a wand of mindburst (13)
 H - a wand of light (5)
 I - a wand of flame (55)
 L - a wand of iceblast (26)
 T - a wand of paralysis (15)
 W - a wand of digging (7)
Scrolls
 w - 3 scrolls of revelation
 y - 7 scrolls of fear
 C - 5 scrolls of poison
 J - 3 scrolls of fog
 M - 5 scrolls of vulnerability
 S - a scroll of blinking
 V - 2 scrolls of teleportation
 X - a scroll of silence
Potions
 f - 7 potions of haste
 g - 2 potions of magic
 h - 6 potions of curing
 n - 3 potions of attraction
 r - 5 potions of cancellation
 x - 2 potions of mutation
 A - 7 potions of enlightenment
 G - a potion of ambrosia
 K - a potion of lignification
 O - 3 potions of resistance
Miscellaneous
 o - a condenser vane
 z - a sack of spiders
 B - a lightning rod (3/4)
 Y - a phantom mirror
 Z - a phial of floods


   Skills:
 * Level 12.9 Fighting
 - Level 4.2(10.8) Short Blades
 + Level 14.1(14.3) Long Blades
 + Level 2.3 Throwing
 * Level 8.8 Armour
 * Level 13.2 Dodging
 + Level 16.0 Stealth
 + Level 5.2 Shields
 + Level 9.6 Spellcasting
 - Level 4.0 Conjurations
 + Level 13.0 Hexes
 - Level 8.5 Summonings
 - Level 2.0 Ice Magic
 - Level 4.0 Air Magic
 - Level 6.0 Alchemy
 + Level 11.0 Evocations


You had one spell level left.
You knew the following spells:

 Your Spells              Type           Power      Damage    Failure   Level
a - Ensorcelled Hibernat  Hex/Ice        100%       N/A       1%          2
b - Confusing Touch       Hex            75%        N/A       1%          3
c - Tukima's Dance        Hex            75%        N/A       1%          3
d - Dazzling Flash        Conj/Hex       100%       N/A       1%          3
e - Slow                  Hex            100%       N/A       1%          1
f - Yara's Violent Unrav  Hex/Alch       32%        3d13      2%          5
g - Summon Mana Viper     Hex/Summ       68%        N/A       1%          5
h - Silence               Hex/Air        30%        N/A       4%          5
i - Discord               Hex            37%        N/A       85%         8

Your spell library contained the following spells:

 Spells                   Type           Power      Damage    Failure   Level
 Shock                    Conj/Air       100%       1d9       1%          1
 Sting                    Conj/Alch      100%       1d9       1%          1
 Summon Small Mammal      Summ           100%       N/A       1%          1
 Foxfire                  Conj/Fire      100%       2x1d9     2%          1
 Kiss of Death            Conj/Necr      100%       2d13      2%          1
 Apportation              Tloc           28%        N/A       5%          1
 Necrotise                Necr           56%        1d6       5%          1
 Call Imp                 Summ           100%       N/A       1%          2
 Jinxbite                 Hex            100%       N/A       1%          2
 Call Canine Familiar     Summ           60%        N/A       1%          3
 Inner Flame              Hex/Fire       52%        N/A       1%          3
 Sigil of Binding         Hex            75%        N/A       1%          3
 Summon Ice Beast         Ice/Summ       46%        N/A       1%          3
 Mephitic Cloud           Conj/Alch/Air  42%        N/A       2%          3
 Hailstorm                Conj/Ice       32%        3d8       4%          3
 Olgreb's Toxic Radiance  Alch           50%        N/A       4%          4
 Metabolic Englaciation   Hex/Ice        28%        N/A       6%          5
 Sublimation of Blood     Necr           14%        N/A       8%          2
 Summon Blazeheart Golem  Fire/Summ      40%        N/A       9%          4
 Airstrike                Air            19%        2d(3-19)  10%         4
 Alistair's Intoxication  Alch           33%        N/A       12%         5
 Gell's Gravitas          Tloc           14%        N/A       16%         3
 Teleport Other           Tloc           14%        N/A       16%         3
 Vampiric Draining        Necr           14%        2d7       16%         3
 Irradiate                Conj/Alch      22%        3d19      19%         5
 Dispel Undead            Necr           14%        3d10      45%         4
 Passage of Golubria      Tloc           14%        N/A       45%         4
 Summon Hydra             Summ           30%        N/A       78%         7
 Curse of Agony           Necr           14%        N/A       82%         5
 Sculpt Simulacrum        Ice/Alch       19%        N/A       83%         6
 Spellforged Servitor     Conj/Summ      25%        N/A       97%         7
 Plasma Beam              Fire/Air       13%        2x1d24    98%         6
 Starburst                Conj/Fire      13%        6d5       98%         6
 Dispersal                Tloc           7%         N/A       100%        6
 Haunt                    Necr/Summ      20%        N/A       100%        7
 Orb of Destruction       Conj           19%        9d8       100%        7
 Ozocubu's Refrigeration  Ice            13%        4d10      100%        7
 Ignition                 Fire           7%         3d4       100%        8


Dungeon Overview and Level Annotations

Branches:
Dungeon (15/15)            Temple (1/1) D:5            Lair (5/5) D:11
  Swamp (1/4) Lair:3       Spider (4/4) Lair:3        Slime (0/5) Lair:5
    Orc (2/2) D:11            Elf (2/3) Orc:2        Vaults (0/5) D:14
 Depths (0/4) D:15        Ossuary (visited)         Gauntlet (visited)

Altars:
Ashenzari
Cheibriados
Dithmenos
Fedhas
Gozag
Hepliaklqana
Kikubaaqudgha
Makhleb
Nemelex Xobeh
Okawaru
Qazlal
Ru
Sif Muna
Trog
Uskayaw
Vehumet
Wu Jian
Xom
Yredelemnul
Jiyva

Shops:
D:3 (   D:5 =   Orc:2 [?:   Elf:2 (

Portals:
Pandemonium: Orc:2

Annotations:
Elf:1 20 runed translucent doors
Elf:2 3 runed translucent doors


Innate Abilities, Weirdness & Mutations

Your natural rate of healing is accelerated.
You have razor-sharp teeth.
You have supernaturally acute eyesight. (SInv)
You are afflicted with vampirism and can become a bat while bloodless.


Message History

The acid corrodes you!
You are splashed with acid.
You resist.
* * * LOW HITPOINT WARNING * * *
The spriggan druid hits you with a +0 quarterstaff.
* * * LOW HITPOINT WARNING * * *
As you read the scroll of teleportation, it crumbles to dust.
You feel strangely unstable.
Your hands stop glowing.
Trunks creak and shift.
The goliath frog misses you.
The spriggan druid splashes around in the water.
You block the swamp dragon's attack. The swamp dragon closely misses you.
The swamp dragon misses you.
Unknown command.
Unknown command.
Unknown command.
You are confused.
You feel invigorated. Branches wave dangerously above you.
The goliath frog hits you from afar.
* * * LOW HITPOINT WARNING * * *
You are splashed with acid.
You resist.
* * * LOW HITPOINT WARNING * * *
The spriggan druid hits you with a +0 quarterstaff.
* * * LOW HITPOINT WARNING * * *
The swamp dragon bites you.
* * * LOW HITPOINT WARNING * * *
The swamp dragon closely misses you. The swamp dragon completely misses you.
The spriggan barely misses you.
Unknown command.
Unknown command.
Okay, then.
Okay, then.
The goliath frog hits you from afar.
* * * LOW HITPOINT WARNING * * *
You are splashed with acid.
You resist.
* * * LOW HITPOINT WARNING * * *
The goliath frog closely misses you.
The spriggan druid splashes around in the water.
The swamp dragon closely misses you. The swamp dragon claws you.
You die...

♣♣~..~~~~~~i§~~~~~.
♣~..~~~~~~~i~~~~~~.
♣†...~~~~~~~....y~~
♣....~§..~~~..yFi~~
♣..~~~~~....w.)Dn..
♣.~~~Z~.~..~~†ZZp..
♣♣~FFD.♣.~..~§~..F.♣
♣.~iDi.♣~♣♣♣~.~♣~~♣♣
♣.D@i~.~♣♣ ♣.~~♣..~
♣~†~~....♣ ♣.~.§!...
♣♣♣♣♣♣♣♣♣♣ ♣♣♣♣..~~.
~♣♣♣..


You could see an eight-headed hydra, a swamp dragon, a spriggan druid (very
poisoned), 2 goliath frogs, 2 spriggans, an alligator zombie and a friendly
seven-headed hydra (summoned, paralysed).

Vanquished Creatures
  Arachne (Spider:3)
  Jorgrun (Elf:1)
  Frances (D:12)
  Kirke (Lair:3)
  Donald (Elf:1)
  6 ghost moths
  7 emperor scorpions
  2 deep elf sorcerers (Elf:1)
  Louise (Spider:3)
  An orc warlord (Orc:1)
  A quicksilver ooze (Gauntlet)
  4 broodmothers
  A deep elf annihilator (Orc:2)
  A dire elephant (Lair:5)
  A minotaur (Gauntlet)
  3 spark wasps
  An entropy weaver (shapeshifter) (D:15)
  Josephine (D:12)
  Fannar (Lair:3)
  A deep elf high priest (Elf:1)
  A vault guard (D:14)
  4 entropy weavers
  A great orb of eyes (D:14)
  The ghost of Adeuro the Fighter, a journeyman TeSu (D:12)
  5 jorogumos (Spider:4)
  3 demonspawn (Orc:2)
  9 hydras
  4 catoblepae
  5 radroaches
  A two-headed ogre (Orc:2)
  2 centaur warriors (D:14)
  13 dancing weapons
  2 death scarabs
  A ghost crab (Spider:2)
  5 boulder beetles
  8 death yaks (Lair:5)
  9 demonic crawlers
  3 tengu warriors
  Sonja (Lair:3)
  A sun demon (Orc:2)
  9 orc high priests
  6 deep elf knights
  2 skysharks (Lair:5)
  Nergalle (D:12)
  A spriggan (Swamp:1)
  9 skeletal warriors
  9 orb spiders
  A goliath frog (Swamp:1)
  An orange crystal statue (D:11)
  8 pharaoh ants
  A lindwurm (Lair:5)
  4 orc knights (Orc:2)
  6 steelbarb worms
  A swamp dragon (shapeshifter) (D:15)
  19 deep elf pyromancers
  2 sun moths
  18 wolf spiders
  16 ugly things
  10 orc sorcerers
  16 deep elf zephyrmancers
  5 deep elf archers
  Maurice (Orc:2)
  6 manticores
  12 elephants
  6 moths of wrath
  A cyclops (Orc:2)
  3 meliai (Spider:1)
  12 cane toads
  10 torpor snails
  A smoke demon (Orc:2)
  Jeremiah (D:6)
  An unseen horror (shapeshifter) (Elf:2)
  A kobold demonologist (D:11)
  An unseen horror (D:13)
  2 rime drakes
  2 tengu conjurers
  An ice devil (Orc:2)
  11 komodo dragons
  A hellwing (Orc:2)
  3 polar bears
  7 trolls
  34 tarantellas
  6 tyrant leeches
  10 dream sheep
  A hornet (Swamp:1)
  16 blink frogs
  30 jumping spiders
  4 slime creatures
  Sigmund (D:2)
  An air elemental (Elf:1)
  21 culicivoras
  A centaur simulacrum (D:15)
  5 shadows
  2 water elementals (Elf:1)
  6 wraiths
  50 yaks
  5 humans (D:10)
  6 wargs
  3 wyverns
  3 basilisks
  A human (shapeshifter) (D:14)
  A yak (shapeshifter) (D:14)
  7 vampire mosquitoes (Spider:2)
  A steam dragon (D:6)
  3 fire elementals
  A neqoxec (Orc:2)
  A redback simulacrum (D:15)
  42 redbacks
  A swamp worm (Swamp:1)
  14 water moccasins
  3 acid dragons
  2 sky beasts
  8 ogres
  27 orc warriors
  3 black bears
  5 ice beasts
  19 centaurs
  27 wolves
  A phantom (D:6)
  Blork the orc (D:4)
  2 kobold brigands
  11 bullfrogs
  A weeping skull (Ossuary)
  3 earth elementals
  An elf zombie (Ossuary)
  2 gnoll sergeants
  2 small abominations (Gauntlet)
  18 wights
  A troll zombie (D:11)
  6 killer bees (D:8)
  A howler monkey (D:3)
  8 electric eels
  3 bombardier beetles
  4 human zombies (Ossuary)
  7 hounds
  2 centaur zombies (Ossuary)
  24 orc priests
  5 jellies
  A gnoll bouda (D:8)
  Crazy Yiuf (D:3)
  2 sleepcaps
  A spectral scorpion (Ossuary)
  2 iguanas
  17 orc wizards
  7 hell rats (Lair:5)
  5 ogre zombies (D:11)
  A bullfrog simulacrum (Ossuary)
  3 mummies (Ossuary)
  16 gnolls
  5 adders
  3 river rats (Lair:5)
  2 shadow imps (D:6)
  A white imp (Gauntlet)
  8 ufetubi
  5 adder zombies (Ossuary)
  7 dart slugs
  2 ribbon worms
  75 orcs
  8 endoplasms
  3 giant cockroaches
  4 gnoll zombies (D:11)
  2 goblins (D:3)
  7 hobgoblins
  12 kobolds
  5 quokkas
  5 ball pythons
  5 ball python zombies (Ossuary)
  A bat (D:2)
  2 frilled lizards (D:2)
  A gnoll skeleton (D:11)
  2 jackal zombies (Ossuary)
  6 kobold zombies (Ossuary)
  4 orc skeletons (D:11)
  11 orc zombies
  10 rats
1070 creatures vanquished.

Vanquished Creatures (collateral kills)
  A fenstrider witch (Swamp:1)
  An alligator (Swamp:1)
  A tengu warrior (D:14)
  2 goliath frogs (Swamp:1)
  2 vampire mosquitoes (Swamp:1)
  A swamp worm (Swamp:1)
  An earth elemental (Elf:2)
  6 wights
15 creatures vanquished.

Vanquished Creatures (others)
  A deep elf knight (Elf:1)
  2 bloated husks (Swamp:1)
  5 humans (Lair:3)
  A redback (Spider:2)
  7 dancing weapons
  A swamp worm (Swamp:1)
17 creatures vanquished.

Grand Total: 1102 creatures vanquished

Notes
Turn   | Place    | Note
-------+----------+-------------------------------------------
     0 | D:1      | tilp the Vampire Enchanter began the quest for the Orb.
     0 | D:1      | Reached XP level 1. HP: 13/13 MP: 3/3
   225 | D:1      | Reached XP level 2. HP: 16/20 MP: 5/5
   420 | D:1      | Learned a level 2 spell: Ensorcelled Hibernation
   690 | D:2      | Noticed Sigmund
   703 | D:2      | Killed Sigmund
   704 | D:2      | Reached skill level 1 in Fighting
   704 | D:2      | Reached skill level 1 in Long Blades
   704 | D:2      | Reached skill level 5 in Stealth
   704 | D:2      | Reached skill level 5 in Hexes
   704 | D:2      | Reached skill level 1 in Ice Magic
   704 | D:2      | Gained mutation: You are afflicted with vampirism and can
                  | become a bat while bloodless. [Vampire growth]
   704 | D:2      | Reached XP level 3. HP: 27/27 MP: 1/6
   704 | D:2      | Reached XP level 4. HP: 33/33 MP: 1/7
   704 | D:2      | Reached XP level 5. HP: 38/38 MP: 1/8
   996 | D:2      | Learned a level 3 spell: Confusing Touch
  1050 | D:2      | Learned a level 3 spell: Tukima's Dance
  1713 | D:3      | Found Vunul's Weapon Shoppe.
  1953 | D:3      | Reached XP level 6. HP: 44/44 MP: 6/9
  2283 | D:3      | Found a runed translucent door.
  2284 | D:3      | Noticed Crazy Yiuf
  2668 | D:3      | Killed Crazy Yiuf
  2980 | D:4      | Noticed Blork the orc
  2986 | D:4      | Killed Blork the orc
  2987 | D:4      | Reached XP level 7. HP: 51/51 MP: 0/11
  3645 | D:5      | Entered Level 5 of the Dungeon
  3675 | D:5      | Reached skill level 1 in Evocations
  3926 | D:5      | Found a staircase to the Ecumenical Temple.
  4046 | D:5      | Found Siruox's Jewellery Shop.
  4102 | Temple   | Entered the Ecumenical Temple
  4319 | D:5      | Reached skill level 6 in Stealth
  4611 | D:6      | Noticed Jeremiah
  4717 | D:6      | Killed Jeremiah
  4718 | D:6      | Reached XP level 8. HP: 44/58 MP: 4/13
  5056 | D:6      | Reached skill level 7 in Stealth
  5373 | D:6      | Found an ornate altar of the Wu Jian Council.
  5435 | D:6      | Became a worshipper of the Wu Jian Council
  5670 | D:6      | Learned a level 3 spell: Dazzling Flash
  5765 | D:7      | Reached XP level 9. HP: 66/66 MP: 1/14
  5897 | D:7      | Found a sand-covered staircase.
  5906 | Ossuary  | Entered an ossuary
  6057 | Ossuary  | Reached skill level 1 in Armour
  6259 | Ossuary  | Reached skill level 5 in Long Blades
  6313 | Ossuary  | Reached * piety under Wu Jian
  6331 | Ossuary  | Reached skill level 5 in Dodging
  6533 | D:7      | Got Cezas's Book of Arctic Ensorcelling
  6542 | D:7      | Reached skill level 1 in Conjurations
  6550 | D:7      | Reached skill level 5 in Fighting
  6757 | D:7      | Reached skill level 8 in Stealth
  7237 | D:8      | Reached ** piety under Wu Jian
  7435 | D:8      | Reached XP level 10. HP: 51/76 MP: 6/16
  7764 | D:8      | Reached *** piety under Wu Jian
  8598 | D:8      | Found a broken altar of Ashenzari.
  8823 | D:9      | Reached skill level 9 in Stealth
  9418 | D:9      | Reached skill level 5 in Spellcasting
  9722 | D:9      | Reached skill level 10 in Stealth
  9814 | D:9      | Found a shadowy altar of Dithmenos.
 10085 | D:10     | Entered Level 10 of the Dungeon
 10558 | D:10     | Reached **** piety under Wu Jian
 10995 | D:10     | Reached XP level 11. HP: 81/81 MP: 13/18
 11222 | D:10     | Identified a scroll of acquirement
 11222 | D:10     | Acquired the +1 steam dragon scales of Kale {rCorr Dex+4}
 11284 | D:11     | Found a runed translucent door.
 11298 | D:11     | Found a runed translucent door.
 11337 | D:11     | Found a runed translucent door.
 11349 | D:11     | Identified the +1 whip of Responsibility {freeze, +Blink}
 11369 | D:11     | Found a runed translucent door.
 11451 | D:11     | Reached skill level 10 in Long Blades
 11555 | D:11     | Found a staircase to the Orcish Mines.
 11966 | D:11     | Found a staircase to the Lair.
 12112 | D:11     | Reached ***** piety under Wu Jian
 12712 | Lair:1   | Entered Level 1 of the Lair of Beasts
 12802 | Lair:1   | Found a gate leading to a gauntlet.
 12828 | Gauntlet | Entered a Gauntlet
 12828 | Gauntlet | Noticed an arcanist
 12828 | Gauntlet | Found a transporter.
 12828 | Gauntlet | Found a transporter.
 12876 | Gauntlet | Found a runed translucent door.
 12878 | Gauntlet | Found a transporter.
 12880 | Gauntlet | Found a runed translucent door.
 12881 | Gauntlet | Found a transporter.
 12881 | Gauntlet | Found a transporter.
 12885 | Gauntlet | Found a transporter.
 12916 | Gauntlet | Found a transporter.
 12918 | Gauntlet | Found a transporter.
 12918 | Gauntlet | Found a transporter.
 12932 | Gauntlet | Found a transporter.
 12946 | Gauntlet | Noticed a sixfirhy
 12948 | Gauntlet | Found a transporter.
 12948 | Gauntlet | Noticed a sixfirhy
 12948 | Gauntlet | Noticed a sixfirhy
 12958 | Gauntlet | Found a transporter.
 12958 | Gauntlet | Noticed a quicksilver ooze
 12972 | Gauntlet | Found a transporter.
 13006 | Gauntlet | Found a transporter.
 13223 | Gauntlet | Got the Lessons on Galvanic Diablerie
 13425 | Gauntlet | Killed a quicksilver ooze
 13426 | Gauntlet | Reached skill level 1 in Shields
 13476 | Gauntlet | Identified the ring "Elaegg" {rElec Str+3 Int+6 Dex+2}
 13530 | Gauntlet | Noticed a minotaur
 13537 | Gauntlet | Killed a minotaur
 14464 | Lair:2   | Noticed an eight-headed hydra
 14470 | Lair:2   | Killed an eight-headed hydra
 14471 | Lair:2   | Reached XP level 12. HP: 88/88 MP: 12/19
 14825 | Lair:2   | Noticed a boulder beetle
 14831 | Lair:2   | Killed a boulder beetle
 14852 | Lair:2   | Identified the +0 war axe "Haweat" {distort, Str+3}
 14855 | Lair:2   | Learned a level 1 spell: Slow
 15678 | Lair:3   | Found a hole to the Spider Nest.
 15726 | Lair:3   | Noticed Kirke
 15751 | Lair:3   | Noticed a sphinx
 15751 | Lair:3   | Killed Kirke
 15892 | Lair:3   | Noticed Sonja
 15894 | Lair:3   | Killed Sonja
 16031 | Lair:3   | Noticed a catoblepas
 16043 | Lair:3   | Found a staircase to the Swamp.
 16057 | Lair:3   | Noticed Fannar
 16660 | Lair:4   | Noticed a four-headed hydra
 16667 | Lair:4   | Killed a four-headed hydra
 16748 | Lair:4   | Reached skill level 11 in Stealth
 16775 | Lair:4   | Reached ****** piety under Wu Jian
 16818 | Lair:4   | Reached XP level 13. HP: 68/96 MP: 3/21
 17640 | Lair:3   | Identified the +0 pair of gloves "Arifann" {Str+5}
 17759 | Lair:3   | Killed Fannar
 19103 | Lair:5   | Entered Level 5 of the Lair of Beasts
 19256 | Lair:5   | Reached skill level 10 in Hexes
 19496 | Lair:4   | Reached skill level 12 in Stealth
 19878 | Lair:5   | Reached skill level 5 in Armour
 19986 | Lair:5   | Noticed a dire elephant
 20033 | Lair:5   | Killed a dire elephant
 20325 | Lair:5   | Reached XP level 14. HP: 58/108 MP: 13/24
 20489 | Lair:5   | Found a viscous altar of Jiyva.
 20504 | Lair:5   | Found a staircase to the Slime Pits.
 22544 | Lair:5   | Reached skill level 10 in Fighting
 23579 | Orc:1    | Entered Level 1 of the Orcish Mines
 23616 | Orc:1    | Reached skill level 10 in Dodging
 24124 | Orc:2    | Entered Level 2 of the Orcish Mines
 24163 | Orc:2    | Found a staircase to the Elven Halls.
 24759 | Orc:2    | Noticed Maurice
 24762 | Orc:2    | Noticed an orc warlord
 24786 | Orc:2    | Killed Maurice
 24924 | Orc:1    | Killed an orc warlord
 25527 | Orc:2    | Found Novalad's Magic Scroll Shop.
 25528 | Orc:2    | Found Athrywioh's General Store.
 27074 | Orc:2    | Reached XP level 15. HP: 101/117 MP: 20/26
 27108 | Orc:2    | Found Ynganeth's Antique Armour Emporium.
 27108 | Orc:2    | Found Gievvis's Book Shoppe.
 27140 | Orc:2    | Found a one-way gate leading to the halls of Pandemonium.
 27144 | Orc:2    | Acquired 835 gold pieces
 27146 | Orc:2    | Bought a manual of Evocations for 880 gold pieces
 27146 | Orc:2    | Bought Great Wizards, Vol. VII for 330 gold pieces
 27146 | Orc:2    | Bought the Papyrus of Enchanting Darkness for 308 gold
                  | pieces
 27152 | Orc:2    | Learned a level 5 spell: Yara's Violent Unravelling
 27158 | Orc:2    | Learned a level 5 spell: Summon Mana Viper
 27164 | Orc:2    | Learned a level 5 spell: Silence
 27193 | Orc:2    | Bought a scroll of revelation for 105 gold pieces
 27193 | Orc:2    | Bought a scroll of enchant armour for 105 gold pieces
 27193 | Orc:2    | Bought a scroll of brand weapon for 133 gold pieces
 27193 | Orc:2    | Bought a scroll of vulnerability for 56 gold pieces
 27193 | Orc:2    | Bought a scroll of enchant armour for 105 gold pieces
 27349 | Orc:2    | Bought a runed chain mail for 195 gold pieces
 27718 | D:12     | Noticed Nergalle
 27722 | D:12     | Killed Nergalle
 27723 | D:12     | Reached skill level 5 in Evocations
 28095 | D:12     | Noticed Frances
 28098 | D:12     | Killed Frances
 28168 | D:12     | Noticed Josephine
 28184 | D:12     | Killed Josephine
 28185 | D:12     | Reached skill level 13 in Stealth
 28302 | D:12     | Found a runed translucent door.
 28302 | D:12     | Noticed Adeuro's ghost (journeyman TeSu)
 29766 | D:13     | Reached skill level 1 in Alchemy
 30004 | D:13     | Reached skill level 1 in Summonings
 30004 | D:13     | Reached skill level 1 in Air Magic
 31208 | D:14     | Found a gate to the Vaults.
 31659 | D:14     | Identified the +2 rapier "Yshodd" {spect, rCorr Stlth+}
 32264 | D:15     | Entered Level 15 of the Dungeon
 32890 | D:15     | Found a staircase to the Depths.
 33617 | D:12     | Killed Adeuro's ghost
 33861 | Spider:1 | Entered Level 1 of the Spider Nest
 34382 | Spider:1 | Noticed an emperor scorpion
 34385 | Spider:1 | Killed an emperor scorpion
 34474 | Spider:1 | Reached XP level 16. HP: 126/126 MP: 25/28
 34645 | Spider:1 | Reached skill level 14 in Stealth
 34787 | Spider:1 | You fall into a shaft and drop 1 floor!
 38105 | Spider:3 | Noticed Arachne
 38371 | Spider:3 | Reached skill level 10 in Evocations
 38440 | Spider:3 | Reached skill level 5 in Alchemy
 38656 | Spider:3 | Noticed Louise
 38662 | Spider:3 | Killed Louise
 38663 | Spider:3 | Reached skill level 15 in Stealth
 38741 | Spider:3 | Reached skill level 5 in Summonings
 39226 | Spider:3 | Killed Arachne
 39274 | Spider:3 | Reached XP level 17. HP: 133/133 MP: 27/30
 39562 | Spider:4 | Entered Level 4 of the Spider Nest
 39594 | Spider:4 | Upgraded the game from 0.31-a0-1598-g94871bc2e8 to
                  | 0.31-a0-1610-g9787180647
 41526 | Spider:4 | Acquired a +0 double sword of draining
 41767 | Spider:4 | Got a gossamer rune of Zot
 43127 | Swamp:1  | Entered Level 1 of the Swamp
 43346 | Elf:1    | Entered Level 1 of the Elven Halls
 43924 | Elf:1    | Reached skill level 1 in Throwing
 44886 | Elf:1    | Noticed Donald
 44887 | Elf:1    | Noticed Jorgrun
 45381 | Elf:1    | Killed Jorgrun
 45447 | Elf:1    | Reached XP level 18. HP: 142/142 MP: 23/31
 45538 | Elf:1    | Found a huge runed translucent gate.
 45538 | Elf:1    | Found a huge runed translucent gate.
 45538 | Elf:1    | Found a huge runed translucent gate.
 45538 | Elf:1    | Found a huge runed translucent gate.
 45540 | Elf:1    | Found a huge runed translucent gate.
 45541 | Elf:1    | Found a huge runed translucent gate.
 45541 | Elf:1    | Found a huge runed translucent gate.
 45541 | Elf:1    | Found a huge runed translucent gate.
 45541 | Elf:1    | Found a huge runed translucent gate.
 45542 | Elf:1    | Found a huge runed translucent gate.
 45542 | Elf:1    | Found a huge runed translucent gate.
 45542 | Elf:1    | Found a huge runed translucent gate.
 45542 | Elf:1    | Found a huge runed translucent gate.
 45542 | Elf:1    | Found a huge runed translucent gate.
 45542 | Elf:1    | Found a huge runed translucent gate.
 45542 | Elf:1    | Found a huge runed translucent gate.
 45542 | Elf:1    | Found a huge runed translucent gate.
 45543 | Elf:1    | Found a huge runed translucent gate.
 45543 | Elf:1    | Found a huge runed translucent gate.
 45543 | Elf:1    | Found a huge runed translucent gate.
 45900 | Elf:1    | Killed Donald
 46249 | Elf:2    | Reached skill level 5 in Shields
 46348 | Elf:2    | Identified the staff of the Mouth {rPois Dex-2 Conj
                  | Alchemy}
 46417 | Elf:2    | Found a runed translucent gate.
 46462 | Elf:2    | Found a runed translucent gate.
 46463 | Elf:2    | Found a runed translucent gate.
 47100 | Elf:2    | Found Doukacki's Weapon Boutique.
 47694 | Orc:2    | Bought the Unrestrained Analects for 484 gold pieces
 47703 | Orc:2    | Learned a level 8 spell: Discord
 48039 | Swamp:1  | Reached skill level 16 in Stealth
 48058 | Swamp:1  | HP: 5/142 [swamp dragon (6)]
 48059 | Swamp:1  | HP: 2/142 [acid (4)]
 48059 | Swamp:1  | Slain by a swamp dragon

Illustrated notes

Levels and vault maps discovered:
D:1:      eino_arrival_cavern_e, layout_rooms, minmay_misc_feat_encased,
          minmay_surrounded
D:2:      layout_basic, uniq_sigmund
D:3:      layout_basic, serial_shops, nicolae_square_shop,
          uniq_crazy_yiuf_cottage
D:4:      layout_loops_corners, uniq_blork_the_orc
D:5:      layout_loops_ring, minmay_temple_entry_waves, serial_shops,
          shop_statue
D:6:      layout_basic, overflow_temple_1_default, overflow_temple_1_default,
          uniq_jeremiah
D:7:      layout_basic, nicolae_ossuary_entry_ruins, grunt_decor_mini_mirrors,
          kennysheep_small_circle
D:8:      layout_basic, nicolae_ashenzari_skybound, special_room
          [special_room_orc], minivault_21
D:9:      layout_long_grid, mainiacjoe_overflow_concentric_impassable
D:10:     layout_loops_corners, minmay_ruffians
D:11:     layout_gridville, erik_lair_island, zombieorc1_lemuel,
          minmay_misc_feat_five, minmay_statue_crystal_thing
D:12:     layout_roguey, ebering_ghost_inner_flame, uniq_nergalle,
          uniq_josephine, uniq_frances
D:13:     layout_basic, serial_rivers, chequers_serial_rivers_micro_c,
          chequers_serial_rivers_large_a, chequers_serial_rivers_micro_e,
          chequers_serial_rivers_small_b, chequers_serial_rivers_small_b
D:14:     minmay_general_purpose_star, layout_rooms,
          hellmonk_vaults_order_and_chaos, grunt_decor_cap, minivault_16
D:15:     hangedman_depths_entry_try_elsewhere_first, layout_loops_corners,
          serial_ice, serial_ice_a, serial_ice_f, serial_ice_n, serial_ice_e,
          chequers_serial_rivers_small_a
Temple:   regret_index_temple_chain_breaker
Lair:1:   layout_roguey, gauntlet_entry_generic,
          eino_small_chamber_without_monster, beast_lair_carwin_11
Lair:2:   layout_cave_pods, hangedman_lair_unloving_vines,
          infiniplex_staircase_pool_2
Lair:3:   layout_loops_ring, swamp_mist_pool, spider_nest_entry_webs,
          st_stairs_9, grunt_megastairs_4, serial_bayou_shore_b, uniq_kirke,
          uniq_sonja, uniq_fannar
Lair:4:   layout_loops_ring, beast_lair_carwin_1, serial_bayou_shore_b,
          serial_bayou_shore_a
Lair:5:   evilmike_catoblepas_cave, layout_regular_city,
          nicolae_slime_entry_field_trip, st_stairs_9,
          kennysheep_abandoned_house
Swamp:1:  layout_basic_swamp, evilmike_swamp_ruin_house_4,
          nicolae_swamp_necromancer_hut
Spider:1: layout_spider_delve
Spider:2: layout_chambers, nicolae_spider_swamp_cousins
Spider:3: nicolae_spider_hilbert_zone_3 [nicolae_spider_hilbert_4_sides_2_open,
          nicolae_spider_hilbert_3_sides_1_open,
          nicolae_spider_hilbert_3_sides_1_open,
          nicolae_spider_hilbert_3_sides_1_open,
          nicolae_spider_hilbert_3_sides_1_open,
          nicolae_spider_hilbert_4_sides_1_open,
          nicolae_spider_hilbert_4_sides_1_open,
          nicolae_spider_hilbert_4_sides_1_open,
          nicolae_spider_hilbert_4_sides_1_open,
          nicolae_spider_hilbert_4_sides_1_open,
          nicolae_spider_hilbert_4_sides_1_open,
          nicolae_spider_hilbert_4_sides_1_open,
          nicolae_spider_hilbert_4_sides_1_open,
          nicolae_spider_hilbert_3_sides_1_open,
          nicolae_spider_hilbert_3_sides_1_open,
          nicolae_spider_hilbert_3_sides_1_open,
          nicolae_spider_hilbert_3_sides_1_open], uniq_arachne, uniq_louise
Spider:4: johnstein_spider_rune_arachne_lair
Orc:1:    layout_caves, basic_altar
Orc:2:    pf_orc_diabolical, layout_diamond_mine, uniq_maurice
Elf:1:    nicolae_elf_arrival_no_cutting_in_line, layout_geoelf_diagonals,
          hangedman_elf_represent, uniq_jorgrun, uniq_donald
Elf:2:    nicolae_elf_blades_crystal_corner, layout_loops_corners, serial_shops,
          nicolae_shop_bloodbath_and_beyond

Skill      XL: |  1  2  3  4  5  6  7  8  9 10 11 12 13 14 15 16 17 18 |
---------------+-------------------------------------------------------+-----
Fighting       | 1 2 3 4 5 6 7 9 10 11 12 | 12.9
Short Blades   | 2 3 4 |  4.2
Long Blades    | 1 2 3 4 6 9 13 14 | 14.1
Stealth        | 5 6 7 8 10 11 12 13 15 16 | 16.0
Hexes          | 5 6 7 8 9 10 11 12 13 | 13.0
Ice Magic      | 1 2 |  2.0
Dodging        | 3 4 5 6 7 8 10 11 12 13 | 13.2
Spellcasting   | 3 4 5 6 7 8 9 |  9.6
Evocations     | 1 2 3 4 7 10 11 | 11.0
Armour         | 2 3 5 6 7 8 |  8.8
Conjurations   | 1 2 3 4 |  4.0
Shields        | 2 3 4 5 |  5.2
Alchemy        | 3 6 |  6.0
Summonings     | 3 6 8 |  8.5
Air Magic      | 2 4 |  4.0
Throwing       | 1 2 |  2.3

Action                     |  1- 3 |  4- 6 |  7- 9 | 10-12 | 13-15 | 16-18 || total
---------------------------+-------+-------+-------+-------+-------+-------++-------
  Melee: Dagger            |    68 |   104 |   442 |   498 |   712 |   607 ||  2431
         Bite              |     5 |    11 |    66 |    68 |   146 |   108 ||   404
         Unarmed           |     4 |       |       |       |       |       ||     4
         Punch             |     1 |     1 |     9 |     4 |       |       ||    15
         Falchion          |       |       |     5 |    76 |    15 |       ||    96
         Scimitar          |       |       |       |       |   335 |    84 ||   419
         Double sword      |       |       |       |       |       |   168 ||   168
  Throw: Boomerang         |       |     1 |     2 |     1 |    17 |       ||    21
         Dart              |       |       |     3 |       |     8 |    12 ||    23
   Cast: Ensorcelled Hiber |     2 |    25 |    43 |   165 |   399 |   307 ||   941
         Confusing Touch   |       |     3 |    17 |    22 |    19 |    40 ||   101
         Tukima's Dance    |       |       |     6 |    20 |    17 |     3 ||    46
         Dazzling Flash    |       |       |       |     7 |    58 |    28 ||    93
         Summon Mana Viper |       |       |       |       |     1 |     6 ||     7
         Yara's Violent Un |       |       |       |       |       |     4 ||     4
Ability: Lunge             |       |       |    21 |    65 |    76 |   112 ||   274
         Whirlwind         |       |       |     3 |    15 |    58 |    35 ||   111
  Evoke: Wand              |       |       |       |     8 |     6 |     8 ||    22
         Lightning rod     |       |       |       |       |       |     3 ||     3
         Sack of spiders   |       |       |       |       |       |     1 ||     1
         Phantom mirror    |       |       |       |       |       |     1 ||     1
    Use: Scroll            |     3 |     6 |    12 |    10 |    10 |    12 ||    53
         Potion            |     1 |       |       |     7 |     3 |     8 ||    19
   Stab: Sleeping          |     6 |    20 |    47 |   133 |   237 |   236 ||   679
         Invisible         |     3 |       |       |     5 |    40 |    34 ||    82
         Confused          |       |     2 |    16 |    14 |    13 |    40 ||    85
         Distracted        |       |       |     2 |       |     2 |     1 ||     5
         Held in net/web   |       |       |       |       |     1 |       ||     1
         Paralysed         |       |       |       |       |       |     1 ||     1
         Fleeing           |       |       |       |       |       |     1 ||     1
 Armour: Robe              |    29 |    30 |    75 |       |       |       ||   134
         Steam dragon scal |       |       |    90 |   197 |   430 |   494 ||  1211
         Skin              |       |       |       |     8 |       |       ||     8
  Dodge: Dodged            |    34 |    59 |   227 |   264 |   567 |   689 ||  1840
  Block: Other             |       |       |       |    22 |       |       ||    22
         Buckler           |       |       |       |    99 |   466 |   452 ||  1017
         Reflection        |       |       |       |     4 |    20 |     8 ||    32

Table legend: (Time is in decaauts)
 A = Elapsed time spent in this place.
 B = Non-inter-level travel time spent in this place.
 C = Inter-level travel time spent in this place.
 D = Time resting spent in this place.
 E = Time spent auto-exploring this place.
 F = Levels seen in this place.
 G = Mean time per level.
                   A        B        C        D        E       F      G
               +--------+--------+--------+--------+--------+-----+--------+
         Total |  47308 |  42550 |   4758 |  11491 |  19955 |  32 | 1478.4 |
       Dungeon |  18270 |  16337 |   1933 |   1722 |  11404 |  15 | 1218.0 |
        Temple |      1 |      1 |      0 |      0 |      0 |   1 |    1.0 |
          Lair |  10508 |   9593 |    915 |   2904 |   4796 |   5 | 2101.6 |
         Swamp |     72 |     72 |      0 |      0 |      0 |   1 |   72.0 |
   Spider Nest |   9058 |   8226 |    832 |   3815 |   1031 |   4 | 2264.5 |
  Orcish Mines |   4424 |   3982 |    442 |   1877 |    998 |   2 | 2212.0 |
   Elven Halls |   3742 |   3109 |    633 |    841 |   1446 |   2 | 1871.0 |
       Ossuary |    496 |    496 |      0 |    111 |     80 |   1 |  496.0 |
      Gauntlet |    734 |    734 |      0 |    218 |    200 |   1 |  734.0 |
               +--------+--------+--------+--------+--------+-----+--------+

Top non-repeatable levels by time:
  Lair:5: 4065 daAuts
   Orc:2: 3735 daAuts
Spider:3: 2810 daAuts
Spider:4: 2751 daAuts
   Elf:1: 2559 daAuts
Spider:2: 2230 daAuts
  Lair:4: 1990 daAuts
  Lair:3: 1842 daAuts
    D:11: 1712 daAuts
    D:13: 1674 daAuts
     D:8: 1654 daAuts
  Lair:2: 1575 daAuts
     D:9: 1317 daAuts
     D:6: 1299 daAuts
Spider:1: 1265 daAuts
